Chicago Black Hawks vs Calgary Flames
(R1)
Created - Monday, July 3, 2023 at 08:11
Goals
|
| Chicago Black Hawks |
0 |
4 |
1 |
5 |
| Calgary Flames |
1 |
0 |
2 |
3 |
|
Shots
|
| Chicago Black Hawks |
4 |
16 |
10 |
30 |
| Calgary Flames |
12 |
6 |
11 |
29 |
|
1st period
1. Calgary Flames , Max Pacioretty 1 (Jeff Petry 2) at 3:43
Penalties :
Matt Duchene (CHI) for Hooking (Minor) at 5:07, Lawson Crouse (CHI) for Slashing (Minor) at 10:24, Matt Duchene (CHI) for Boarding (Minor) at 16:53, Phillip Danault (CHI) for Charging (Minor) at 19:52
2nd period
2. Chicago Black Hawks , Bo Horvat 2 (Nicolas Hague 1, Matthew Tkachuk 2) at 10:52
3. Chicago Black Hawks , Travis Konecny 1 (Matthew Tkachuk 3, Bo Horvat 1) at 11:45 (PP)
4. Chicago Black Hawks , Vladimir Tarasenko 1 (Seth Jones 1) at 16:44
5. Chicago Black Hawks , Lawson Crouse 1 (Nicolas Hague 2) at 19:58
Penalties :
Logan Couture (CGY) for Hooking (Minor) at 11:01, Travis Konecny (CHI) for Boarding (Minor) at 12:31
3rd period
6. Calgary Flames , Max Pacioretty 2 (Garnet Hathaway 1, Zach Hyman 2) at 13:49
7. Chicago Black Hawks , Vladimir Tarasenko 2 (Bryan Rust 1, Rasmus Andersson 1) at 17:07
8. Calgary Flames , Sebastian Aho 1 (J.T. Miller 2, Zach Hyman 3) at 17:21
Penalties :
Devon Toews (CHI) for Tripping (Minor) at 2:00, Drew Doughty (CGY) for Interference (Minor) at 6:08, Mathieu Joseph (CGY) for Roughing (Minor) at 14:49
Goalie Stats
Ilya Sorokin (CHI), 26 saves from 29 shots - (0.897), W, 2-1-0, 60:00 minutes
Thatcher Demko (CGY), 25 saves from 30 shots - (0.833), L, 1-2-0, 60:00 minutes
Players Stats for Chicago Black Hawks
Player Name G A P +/- PIM S H SB GA TA FO MP PP MP PK MP
------------------------------------------------------------------------------------
Bo Horvat 1 1 2 0 0 4 2 0 1 0 12/17 20:42 1:58 5:37
Brent Burns 0 0 0 2 0 1 1 0 0 2 0/0 23:26 2:49 5:30
Bryan Rust 0 1 1 2 0 2 2 0 0 0 1/2 12:47 0:00 1:42
Chris Kreider 0 0 0 -1 0 4 0 0 1 0 0/1 20:09 2:44 5:54
Devon Toews 0 0 0 -2 2 0 1 1 0 1 0/0 23:37 1:53 5:17
Lawson Crouse 1 0 1 0 2 2 1 0 1 0 0/0 8:38 0:00 0:58
Matt Duchene 0 0 0 -1 4 2 1 1 0 0 0/0 18:22 2:44 3:45
Matthew Tkachuk 0 2 2 0 0 2 2 0 1 0 0/0 14:07 1:58 0:00
Mikhail Sergachev 0 0 0 -2 0 1 0 0 0 0 0/0 24:45 1:53 6:24
Nicolas Hague 0 2 2 1 0 0 1 0 0 1 0/0 13:05 0:00 1:07
Nikolaj Ehlers 0 0 0 0 0 3 1 0 0 0 0/0 7:41 0:00 0:00
Phillip Danault 0 0 0 2 2 1 0 0 0 0 9/11 11:19 0:00 0:00
Pius Suter 0 0 0 0 0 0 1 0 0 0 2/2 8:16 0:00 0:10
Rasmus Andersson 0 1 1 1 0 0 0 1 0 1 0/0 11:49 0:00 0:00
Seth Jones 0 1 1 2 0 2 0 0 0 0 0/0 23:26 2:49 5:30
Steven Stamkos 0 0 0 -1 0 2 1 0 0 0 18/32 19:50 2:44 5:42
Travis Konecny 1 0 1 0 2 1 2 1 0 0 0/3 14:49 1:58 0:00
Vladimir Tarasenko 2 0 2 2 0 3 0 0 0 0 0/0 11:12 0:00 0:00
Players Stats for Calgary Flames
Player Name G A P +/- PIM S H SB GA TA FO MP PP MP PK MP
------------------------------------------------------------------------------------
Drew Doughty 0 0 0 -3 2 0 7 1 0 0 0/0 25:42 6:09 1:11
Garnet Hathaway 0 1 1 0 0 0 0 0 0 0 0/0 8:06 0:00 0:00
J.T. Miller 0 1 1 1 0 2 1 1 0 0 2/2 19:23 5:59 2:18
Jeff Petry 0 1 1 2 0 2 1 1 0 0 0/0 21:56 5:45 2:56
Jeremy Lauzon 0 0 0 0 0 0 1 0 0 0 0/0 11:48 0:00 0:00
Joel Eriksson Ek 0 0 0 -1 0 2 0 0 0 0 3/7 11:51 0:00 0:00
Kevin Fiala 0 0 0 -1 0 4 2 0 1 0 0/1 11:51 0:00 0:00
Kris Russell 0 0 0 0 0 0 1 0 0 0 0/0 12:23 0:00 0:35
Logan Couture 0 0 0 -1 2 2 1 0 0 1 10/25 20:17 5:55 2:02
Mathieu Joseph 0 0 0 -1 2 0 3 1 0 1 0/0 11:57 0:00 0:00
Max Pacioretty 2 0 2 0 0 3 0 0 0 0 0/1 8:28 0:00 0:22
Nic Dowd 0 0 0 0 0 1 3 0 0 0 1/5 8:06 0:00 0:00
Ryan Ellis 0 0 0 2 0 0 0 2 0 1 0/0 21:46 5:45 2:22
Ryan McDonagh 0 0 0 -3 0 0 0 0 0 0 0/0 26:26 6:09 2:20
Sebastian Aho 1 0 1 1 0 2 1 1 1 0 9/25 19:23 5:59 2:18
Timo Meier 0 0 0 -1 0 5 1 0 2 0 1/2 18:07 5:55 0:00
Valeri Nichushkin 0 0 0 -1 0 4 1 0 1 1 0/0 18:07 5:55 0:00
Zach Hyman 0 2 2 1 0 2 3 0 0 0 0/0 19:38 5:59 2:24
3 Stars
1 - Vladimir Tarasenko (CHI)
2 - Bo Horvat (CHI)
3 - Max Pacioretty (CGY)
Power Play
Chicago Black Hawks - 1 on 3 Attempt(s) - 33.33%
Calgary Flames - 0 on 6 Attempt(s) - 0.00%
Penalty Kill
Chicago Black Hawks - 6 on 6 Attempt(s) - 100.00%
- Score 0 goal in Penalty Kill
Calgary Flames - 2 on 3 Attempt(s) - 66.67%
- Score 0 goal in Penalty Kill
Team Stat
Chicago Black Hawks - Hits : 16 - Faceoff Wins : 42 - Blocked Shots : 4 - Penalty Minutes : 12
Calgary Flames - Hits : 26 - Faceoff Wins : 26 - Blocked Shots : 7 - Penalty Minutes : 6
Official
Referees : Kyle Rehman and Dennis LaRue
Linesman : Trent Knorr and Scott Driscoll
Game Notes
No Game Note
Finance
Level 1 -- Attendance: 5249 (87.48%) -- Ticket Income $524,900
Level 2 -- Attendance: 4809 (96.18%) -- Ticket Income $288,540
Level 3 -- Attendance: 2800 (93.33%) -- Ticket Income $98,000
Level 4 -- Attendance: 4128 (82.56%) -- Ticket Income $103,200
Luxury Box -- Attendance: 883 (88.30%) -- Ticket Income $176,600
Game was played at the Scotiabank Saddledome.
Total Attendance: 17869 (89.35%)
Total Ticket Income: $1,191,240
Other Income: $416,934
Total Income: $1,608,174
Chicago Black Hawks
5 vs 5 Forward
Center Left Wing Right Wing Time % Phy DF OF
1 Steven Stamkos Chris Kreider Matt Duchene 30 1 2 2
2 Bo Horvat Travis Konecny Matthew Tkachuk 30 1 2 2
3 Phillip Danault Bryan Rust Vladimir Tarasenko 25 1 2 2
4 Pius Suter Lawson Crouse Nikolaj Ehlers 15 1 2 2
5 vs 5 Defense
Defense Defense Time % Phy DF OF
1 Brent Burns Seth Jones 35 1 2 2
2 Mikhail Sergachev Devon Toews 35 1 2 2
3 Rasmus Andersson Nicolas Hague 30 1 2 2
4 Brent Burns Seth Jones 0 1 2 2
PowerPlay Forward
Center Left Wing Right Wing Time % Phy DF OF
1 Steven Stamkos Chris Kreider Matt Duchene 50 1 2 2
2 Bo Horvat Travis Konecny Matthew Tkachuk 50 1 2 2
PowerPlay Defense
Defense Defense Time % Phy DF OF
1 Brent Burns Seth Jones 50 1 2 2
2 Mikhail Sergachev Devon Toews 50 1 2 2
Penalty Kill 4 Players Forward
Center Wing Time % Phy DF OF
1 Steven Stamkos Chris Kreider 50 1 2 2
2 Bo Horvat Matt Duchene 50 1 2 2
Penalty Kill 4 Players Defense
Defense Defense Time % Phy DF OF
1 Brent Burns Seth Jones 50 1 2 2
2 Mikhail Sergachev Devon Toews 50 1 2 2
Penalty Kill - 3 Players Forward
Forward Time % Phy DF OF
1 Steven Stamkos 50 1 2 2
2 Chris Kreider 50 1 2 2
Penalty Kill - 3 Players Defense
Defense Defense Time % Phy DF OF
1 Brent Burns Seth Jones 50 1 2 2
2 Mikhail Sergachev Devon Toews 50 1 2 2
4 vs 4 Forward
Center Wing Time % Phy DF OF
1 Steven Stamkos Chris Kreider 50 1 2 2
2 Bo Horvat Matt Duchene 50 1 2 2
4 vs 4 Defense
Defense Defense Time % Phy DF OF
1 Brent Burns Seth Jones 50 1 2 2
2 Mikhail Sergachev Devon Toews 50 1 2 2
Last Minutes Offensive
Center Left Wing Right Wing Defense Defense
Steven Stamkos Chris Kreider Matt Duchene Brent Burns Seth Jones
Last Minutes Defensive
Center Left Wing Right Wing Defense Defense
Steven Stamkos Chris Kreider Matt Duchene Brent Burns Seth Jones
Goaltenders
Starting : Ilya Sorokin
Backup : Jordan Binnington
Extra Forwards
Normal : Vladimir Tarasenko, Phillip Danault, Bryan Rust - PP : Vladimir Tarasenko, Phillip Danault - PK : Bryan Rust
Extra Defensemen
Normal : Rasmus Andersson, Nicolas Hague, Mikhail Sergachev - PP : Rasmus Andersson - PK : Nicolas Hague, Mikhail Sergachev
Penalty Shots
Steven Stamkos, Chris Kreider, Bo Horvat, Matt Duchene, Matthew Tkachuk
Calgary Flames
5 vs 5 Forward
Center Left Wing Right Wing Time % Phy DF OF
1 Sebastian Aho J.T. Miller Zach Hyman 30 1 2 2
2 Logan Couture Valeri Nichushkin Timo Meier 30 1 2 2
3 Joel Eriksson Ek Kevin Fiala Mathieu Joseph 25 1 2 2
4 Nic Dowd Max Pacioretty Garnet Hathaway 15 1 2 2
5 vs 5 Defense
Defense Defense Time % Phy DF OF
1 Drew Doughty Ryan McDonagh 30 1 2 2
2 Jeff Petry Ryan Ellis 30 1 2 2
3 Jeremy Lauzon Kris Russell 25 1 2 2
4 Drew Doughty Ryan McDonagh 15 1 2 2
PowerPlay Forward
Center Left Wing Right Wing Time % Phy DF OF
1 Sebastian Aho J.T. Miller Zach Hyman 50 1 2 2
2 Logan Couture Valeri Nichushkin Timo Meier 50 1 2 2
PowerPlay Defense
Defense Defense Time % Phy DF OF
1 Drew Doughty Ryan McDonagh 50 1 2 2
2 Jeff Petry Ryan Ellis 50 1 2 2
Penalty Kill 4 Players Forward
Center Wing Time % Phy DF OF
1 Sebastian Aho J.T. Miller 50 1 2 2
2 Logan Couture Zach Hyman 50 1 2 2
Penalty Kill 4 Players Defense
Defense Defense Time % Phy DF OF
1 Drew Doughty Ryan McDonagh 50 1 2 2
2 Jeff Petry Ryan Ellis 50 1 2 2
Penalty Kill - 3 Players Forward
Forward Time % Phy DF OF
1 Sebastian Aho 50 1 2 2
2 J.T. Miller 50 1 2 2
Penalty Kill - 3 Players Defense
Defense Defense Time % Phy DF OF
1 Drew Doughty Ryan McDonagh 50 1 2 2
2 Jeff Petry Ryan Ellis 50 1 2 2
4 vs 4 Forward
Center Wing Time % Phy DF OF
1 Sebastian Aho J.T. Miller 50 1 2 2
2 Logan Couture Zach Hyman 50 1 2 2
4 vs 4 Defense
Defense Defense Time % Phy DF OF
1 Drew Doughty Ryan McDonagh 50 1 2 2
2 Jeff Petry Ryan Ellis 50 1 2 2
Last Minutes Offensive
Center Left Wing Right Wing Defense Defense
Sebastian Aho J.T. Miller Zach Hyman Drew Doughty Ryan McDonagh
Last Minutes Defensive
Center Left Wing Right Wing Defense Defense
Sebastian Aho J.T. Miller Zach Hyman Drew Doughty Ryan McDonagh
Goaltenders
Starting : Thatcher Demko
Backup : Samuel Montembeault
Extra Forwards
Normal : Joel Eriksson Ek, Kevin Fiala, Max Pacioretty - PP : Joel Eriksson Ek, Kevin Fiala - PK : Max Pacioretty
Extra Defensemen
Normal : Jeremy Lauzon, Kris Russell, Jeff Petry - PP : Jeremy Lauzon - PK : Kris Russell, Jeff Petry
Penalty Shots
Sebastian Aho, J.T. Miller, Logan Couture, Zach Hyman, Timo Meier
% Time on Ice - Chicago Black Hawks
Lines # - Real PCT - Wanted PCT - Time Play
Normal Forward
1 - 26% - 30% - 11:24
2 - 31% - 30% - 13:33
3 - 25% - 25% - 10:46
4 - 18% - 15% - 7:41
Normal Defense
1 - 34% - 35% - 14:33
2 - 38% - 35% - 16:28
3 - 27% - 30% - 11:49
4 - 1% - 0% - 0:34
PP Forward
1 - 58% - 50% - 2:44
2 - 42% - 50% - 1:58
PP Defense
1 - 60% - 50% - 2:49
2 - 40% - 50% - 1:53
PK Forward
1 - 49% - 50% - 5:49
2 - 51% - 50% - 6:05
PK Defense
1 - 46% - 50% - 5:30
2 - 54% - 50% - 6:24
PK3 Forward
1 - 0% - 50%
2 - 0% - 50%
PK3 Defense
1 - 0% - 50%
2 - 0% - 50%
44 Forward
1 - 0% - 50%
2 - 0% - 50%
44 Defense
1 - 0% - 50%
2 - 0% - 50%
Last Minute Offensive - 0:00
Last Minute Defensive - 0:00
Total
Forward - 60:00
Defense - 60:00
|
% Time on Ice - Calgary Flames
Lines # - Real PCT - Wanted PCT - Time Play
Normal Forward
1 - 26% - 30% - 11:06
2 - 28% - 30% - 12:21
3 - 27% - 25% - 11:51
4 - 19% - 15% - 8:06
Normal Defense
1 - 31% - 30% - 13:32
2 - 31% - 30% - 13:39
3 - 27% - 25% - 11:48
4 - 10% - 15% - 4:25
PP Forward
1 - 50% - 50% - 5:59
2 - 50% - 50% - 5:55
PP Defense
1 - 52% - 50% - 6:09
2 - 48% - 50% - 5:45
PK Forward
1 - 49% - 50% - 2:18
2 - 51% - 50% - 2:24
PK Defense
1 - 50% - 50% - 2:20
2 - 50% - 50% - 2:22
PK3 Forward
1 - 0% - 50%
2 - 0% - 50%
PK3 Defense
1 - 0% - 50%
2 - 0% - 50%
44 Forward
1 - 0% - 50%
2 - 0% - 50%
44 Defense
1 - 0% - 50%
2 - 0% - 50%
Last Minute Offensive - 0:00
Last Minute Defensive - 0:00
Total
Forward - 60:00
Defense - 60:00
|
Play-by-Play
1st period
0:01 of 1st period - Steven Stamkos wins face-off versus Sebastian Aho in neutral zone.
0:34 of 1st period - Off-side.
0:35 of 1st period - Phillip Danault wins face-off versus Joel Eriksson Ek in neutral zone.
0:42 of 1st period - Snap shot by Phillip Danault.
0:42 of 1st period - Shot Misses the Net.
0:44 of 1st period - Slapshot by Devon Toews.
0:44 of 1st period - Shot Blocked by Mathieu Joseph.
0:52 of 1st period - Wrist shot by Phillip Danault.
0:52 of 1st period - Shot Blocked by Ryan Ellis.
1:36 of 1st period - Wrist shot by Timo Meier.
1:36 of 1st period - Deflect By Logan Couture.
1:36 of 1st period - Stopped by Ilya Sorokin without a rebound.
1:37 of 1st period - J.T. Miller wins face-off versus Steven Stamkos in Chicago Black Hawks zone.
2:56 of 1st period - Slapshot by Max Pacioretty.
2:56 of 1st period - Deflect By Garnet Hathaway.
2:56 of 1st period - Shot Misses the Net.
2:56 of 1st period - Puck is out of play.
2:57 of 1st period - Steven Stamkos wins face-off versus Nic Dowd in Chicago Black Hawks zone.
3:02 of 1st period - Chris Kreider is hit by Nic Dowd and loses puck.
3:33 of 1st period - Snap shot by Max Pacioretty.
3:33 of 1st period - Shot Misses the Net.
3:35 of 1st period - Slapshot by Jeff Petry.
3:35 of 1st period - Shot Misses the Net.
3:39 of 1st period - Snap shot by Max Pacioretty.
3:39 of 1st period - Shot Blocked by Devon Toews.
3:41 of 1st period - Slapshot by Jeff Petry.
3:41 of 1st period - Shot Misses the Net.
3:43 of 1st period - Slapshot by Jeff Petry.
3:43 of 1st period - Deflect By Max Pacioretty.
3:43 of 1st period - Goal by Max Pacioretty - Chicago Black Hawks : 0 - Calgary Flames : 1.
3:44 of 1st period - Timo Meier wins face-off versus Phillip Danault in neutral zone.
4:16 of 1st period - Sebastian Aho is hit by Pius Suter and loses puck.
5:07 of 1st period - Minor Penalty to Matt Duchene for Hooking.
5:08 of 1st period - J.T. Miller wins face-off versus Steven Stamkos in Chicago Black Hawks zone.
5:56 of 1st period - Devon Toews is hit by Drew Doughty and loses puck.
6:39 of 1st period - Wrist shot by Steven Stamkos.
6:39 of 1st period - Shot Misses the Net.
6:42 of 1st period - Icing by Jeff Petry.
6:43 of 1st period - Logan Couture wins face-off versus Steven Stamkos in Calgary Flames zone.
7:07 of 1st period - Penalty to Matt Duchene is over, Matt Duchene is back on ice.
7:19 of 1st period - Slapshot by Jeff Petry.
7:19 of 1st period - Shot Misses the Net.
7:23 of 1st period - Snap shot by Kevin Fiala.
7:23 of 1st period - Stopped by Ilya Sorokin with a rebound.
7:33 of 1st period - Snap shot by Chris Kreider.
7:33 of 1st period - Stopped by Thatcher Demko with a rebound.
7:40 of 1st period - Off-side.
7:41 of 1st period - Bo Horvat wins face-off versus Sebastian Aho in neutral zone.
7:48 of 1st period - Snap shot by Matthew Tkachuk.
7:48 of 1st period - Stopped by Thatcher Demko without a rebound.
7:49 of 1st period - Sebastian Aho wins face-off versus Travis Konecny in Calgary Flames zone.
7:49 of 1st period - Sebastian Aho is hit by Travis Konecny.
8:13 of 1st period - Snap shot by Matthew Tkachuk.
8:13 of 1st period - Shot Misses the Net.
8:23 of 1st period - Wrist shot by Bo Horvat.
8:23 of 1st period - Stopped by Thatcher Demko without a rebound.
8:24 of 1st period - Phillip Danault wins face-off versus Logan Couture in Calgary Flames zone.
9:20 of 1st period - Devon Toews is hit by Drew Doughty and loses puck.
9:33 of 1st period - Wrist shot by Chris Kreider.
9:33 of 1st period - Stopped by Thatcher Demko with a rebound.
9:41 of 1st period - Matt Duchene is hit by Jeremy Lauzon and loses puck.
10:22 of 1st period - Wrist shot by Kevin Fiala.
10:22 of 1st period - Shot Blocked by Rasmus Andersson.
10:24 of 1st period - Minor Penalty to Lawson Crouse for Slashing.
10:25 of 1st period - Logan Couture wins face-off versus Steven Stamkos in Chicago Black Hawks zone.
10:28 of 1st period - Snap shot by Logan Couture.
10:28 of 1st period - Shot Misses the Net.
10:50 of 1st period - Seth Jones is hit by Zach Hyman and loses puck.
10:59 of 1st period - Snap shot by Sebastian Aho.
10:59 of 1st period - Deflect By Matt Duchene.
10:59 of 1st period - Shot Misses the Net.
10:59 of 1st period - Puck is out of play.
11:00 of 1st period - Steven Stamkos wins face-off versus Logan Couture in Chicago Black Hawks zone.
11:32 of 1st period - Wrist shot by J.T. Miller.
11:32 of 1st period - Shot Misses the Net.
11:34 of 1st period - Slapshot by Jeff Petry.
11:34 of 1st period - Stopped by Ilya Sorokin without a rebound.
11:35 of 1st period - Logan Couture wins face-off versus Bo Horvat in Chicago Black Hawks zone.
11:36 of 1st period - Wrist shot by Timo Meier.
11:36 of 1st period - Shot Misses the Net.
11:38 of 1st period - Wrist shot by Drew Doughty.
11:38 of 1st period - Shot Misses the Net.
12:24 of 1st period - Penalty to Lawson Crouse is over, Lawson Crouse is back on ice.
13:19 of 1st period - Icing by Rasmus Andersson.
13:20 of 1st period - Sebastian Aho wins face-off versus Phillip Danault in Chicago Black Hawks zone.
13:37 of 1st period - Snap shot by Timo Meier.
13:37 of 1st period - Stopped by Ilya Sorokin without a rebound.
13:38 of 1st period - Bo Horvat wins face-off versus Sebastian Aho in Chicago Black Hawks zone.
13:42 of 1st period - Off-side.
13:43 of 1st period - Bo Horvat wins face-off versus Sebastian Aho in neutral zone.
13:46 of 1st period - Drew Doughty is hit by Matthew Tkachuk and loses puck.
13:53 of 1st period - Wrist shot by Zach Hyman.
13:53 of 1st period - Deflect By Sebastian Aho.
13:53 of 1st period - Stopped by Ilya Sorokin with a rebound.
14:39 of 1st period - Wrist shot by Timo Meier.
14:39 of 1st period - Stopped by Ilya Sorokin without a rebound.
14:40 of 1st period - Steven Stamkos wins face-off versus Logan Couture in Chicago Black Hawks zone.
14:53 of 1st period - Slapshot by Valeri Nichushkin.
14:53 of 1st period - Stopped by Ilya Sorokin with a rebound.
15:03 of 1st period - Backhand shot by Valeri Nichushkin.
15:03 of 1st period - Deflect By Logan Couture.
15:03 of 1st period - Stopped by Ilya Sorokin without a rebound.
15:04 of 1st period - Bo Horvat wins face-off versus Joel Eriksson Ek in Chicago Black Hawks zone.
15:04 of 1st period - Bo Horvat is hit by Mathieu Joseph.
15:27 of 1st period - Icing by Brent Burns.
15:28 of 1st period - Bo Horvat wins face-off versus Sebastian Aho in Chicago Black Hawks zone.
15:57 of 1st period - Snap shot by Timo Meier.
15:57 of 1st period - Stopped by Ilya Sorokin without a rebound.
15:58 of 1st period - Phillip Danault wins face-off versus Timo Meier in Chicago Black Hawks zone.
15:58 of 1st period - Phillip Danault is hit by Logan Couture.
16:25 of 1st period - Nicolas Hague is hit by Jeff Petry and loses puck.
16:53 of 1st period - Minor Penalty to Matt Duchene for Boarding.
16:54 of 1st period - Steven Stamkos wins face-off versus Sebastian Aho in Chicago Black Hawks zone.
18:53 of 1st period - Penalty to Matt Duchene is over, Matt Duchene is back on ice.
19:27 of 1st period - Wrist shot by Nic Dowd.
19:27 of 1st period - Stopped by Ilya Sorokin without a rebound.
19:28 of 1st period - Phillip Danault wins face-off versus Nic Dowd in Chicago Black Hawks zone.
19:28 of 1st period - Phillip Danault is hit by Nic Dowd.
19:46 of 1st period - Devon Toews is hit by Nic Dowd and loses puck.
19:52 of 1st period - Minor Penalty to Phillip Danault for Charging.
19:53 of 1st period - Logan Couture wins face-off versus Steven Stamkos in Chicago Black Hawks zone.
19:55 of 1st period - Snap shot by Valeri Nichushkin.
19:55 of 1st period - Shot Misses the Net.
19:57 of 1st period - Wrist shot by Timo Meier.
19:57 of 1st period - Stopped by Ilya Sorokin with a rebound.
Goals for this period are 0 for Chicago Black Hawks vs 1 for Calgary Flames.
Shots for this period are 4 for Chicago Black Hawks vs 12 for Calgary Flames.
2nd period
0:01 of 2nd period - Steven Stamkos wins face-off versus Sebastian Aho in neutral zone.
0:06 of 2nd period - Snap shot by Chris Kreider.
0:06 of 2nd period - Shot Blocked by J.T. Miller.
0:30 of 2nd period - Bo Horvat is hit by Timo Meier and loses puck.
1:52 of 2nd period - Penalty to Phillip Danault is over, Phillip Danault is back on ice.
2:07 of 2nd period - Bo Horvat is hit by Mathieu Joseph and loses puck.
3:35 of 2nd period - Off-side.
3:36 of 2nd period - Sebastian Aho wins face-off versus Steven Stamkos in neutral zone.
3:47 of 2nd period - Slapshot by J.T. Miller.
3:47 of 2nd period - Deflect By Seth Jones.
3:47 of 2nd period - Stopped by Ilya Sorokin with a rebound.
3:49 of 2nd period - Wrist shot by Zach Hyman.
3:49 of 2nd period - Stopped by Ilya Sorokin without a rebound.
3:50 of 2nd period - Bo Horvat wins face-off versus Logan Couture in Chicago Black Hawks zone.
4:17 of 2nd period - Brent Burns is hit by Kevin Fiala and loses puck.
4:37 of 2nd period - Icing by Brent Burns.
4:38 of 2nd period - Sebastian Aho wins face-off versus Bo Horvat in Chicago Black Hawks zone.
4:41 of 2nd period - Slapshot by J.T. Miller.
4:41 of 2nd period - Stopped by Ilya Sorokin with a rebound.
5:05 of 2nd period - Backhand shot by Chris Kreider.
5:05 of 2nd period - Stopped by Thatcher Demko with a rebound.
5:07 of 2nd period - Slapshot by Seth Jones.
5:07 of 2nd period - Stopped by Thatcher Demko with a rebound.
5:09 of 2nd period - Slapshot by Brent Burns.
5:09 of 2nd period - Deflect By Drew Doughty.
5:09 of 2nd period - Stopped by Thatcher Demko without a rebound.
5:10 of 2nd period - Sebastian Aho wins face-off versus Steven Stamkos in Calgary Flames zone.
5:15 of 2nd period - Wrist shot by Zach Hyman.
5:15 of 2nd period - Stopped by Ilya Sorokin without a rebound.
5:16 of 2nd period - Steven Stamkos wins face-off versus Sebastian Aho in Chicago Black Hawks zone.
5:27 of 2nd period - Snap shot by Steven Stamkos.
5:27 of 2nd period - Shot Misses the Net.
6:15 of 2nd period - Wrist shot by Joel Eriksson Ek.
6:15 of 2nd period - Stopped by Ilya Sorokin with a rebound.
6:17 of 2nd period - Snap shot by Kevin Fiala.
6:17 of 2nd period - Stopped by Ilya Sorokin with a rebound.
7:13 of 2nd period - Logan Couture is hit by Bo Horvat and loses puck.
7:56 of 2nd period - Snap shot by Phillip Danault.
7:56 of 2nd period - Stopped by Thatcher Demko without a rebound.
7:57 of 2nd period - Nic Dowd wins face-off versus Steven Stamkos in Calgary Flames zone.
8:16 of 2nd period - Slapshot by Garnet Hathaway.
8:16 of 2nd period - Shot Blocked by Matt Duchene.
8:18 of 2nd period - Snap shot by Ryan Ellis.
8:18 of 2nd period - Shot Misses the Net.
8:26 of 2nd period - Wrist shot by Garnet Hathaway.
8:26 of 2nd period - Deflect By Max Pacioretty.
8:26 of 2nd period - Shot Misses the Net.
8:26 of 2nd period - Puck is out of play.
8:27 of 2nd period - Bo Horvat wins face-off versus Logan Couture in Chicago Black Hawks zone.
8:44 of 2nd period - Bo Horvat is hit by Valeri Nichushkin and loses puck.
9:13 of 2nd period - Slapshot by Bo Horvat.
9:13 of 2nd period - Deflect By Travis Konecny.
9:13 of 2nd period - Shot Misses the Net.
9:13 of 2nd period - Puck is out of play.
9:14 of 2nd period - Steven Stamkos wins face-off versus Sebastian Aho in Calgary Flames zone.
10:14 of 2nd period - Wrist shot by Nikolaj Ehlers.
10:14 of 2nd period - Stopped by Thatcher Demko without a rebound.
10:15 of 2nd period - Pius Suter wins face-off versus Sebastian Aho in Calgary Flames zone.
10:16 of 2nd period - Wrist shot by Nikolaj Ehlers.
10:16 of 2nd period - Stopped by Thatcher Demko with a rebound.
10:18 of 2nd period - Slapshot by Mikhail Sergachev.
10:18 of 2nd period - Stopped by Thatcher Demko with a rebound.
10:20 of 2nd period - Backhand shot by Lawson Crouse.
10:20 of 2nd period - Stopped by Thatcher Demko without a rebound.
10:21 of 2nd period - Sebastian Aho wins face-off versus Steven Stamkos in Calgary Flames zone.
10:21 of 2nd period - Sebastian Aho is hit by Devon Toews.
10:44 of 2nd period - Icing by Drew Doughty.
10:45 of 2nd period - Bo Horvat wins face-off versus Logan Couture in Calgary Flames zone.
10:48 of 2nd period - Slapshot by Matthew Tkachuk.
10:48 of 2nd period - Stopped by Thatcher Demko with a rebound.
10:50 of 2nd period - Wrist shot by Nicolas Hague.
10:50 of 2nd period - Shot Blocked by Drew Doughty.
10:52 of 2nd period - Backhand shot by Bo Horvat.
10:52 of 2nd period - Goal by Bo Horvat - Chicago Black Hawks : 1 - Calgary Flames : 1.
10:53 of 2nd period - Steven Stamkos wins face-off versus Logan Couture in neutral zone.
11:01 of 2nd period - Minor Penalty to Logan Couture for Hooking.
11:02 of 2nd period - Steven Stamkos wins face-off versus Sebastian Aho in Calgary Flames zone.
11:31 of 2nd period - Icing by Matthew Tkachuk.
11:32 of 2nd period - Bo Horvat wins face-off versus Max Pacioretty in Chicago Black Hawks zone.
11:45 of 2nd period - Slapshot by Travis Konecny.
11:45 of 2nd period - Goal by Travis Konecny - Chicago Black Hawks : 2 - Calgary Flames : 1.
11:46 of 2nd period - Logan Couture wins face-off versus Chris Kreider in neutral zone.
11:49 of 2nd period - Seth Jones is hit by Drew Doughty and loses puck.
12:02 of 2nd period - Snap shot by Steven Stamkos.
12:02 of 2nd period - Stopped by Thatcher Demko with a rebound.
12:12 of 2nd period - Seth Jones is hit by Drew Doughty and loses puck.
12:31 of 2nd period - Minor Penalty to Travis Konecny for Boarding.
12:32 of 2nd period - Steven Stamkos wins face-off versus Sebastian Aho in Chicago Black Hawks zone.
13:44 of 2nd period - Icing by Sebastian Aho.
13:45 of 2nd period - Sebastian Aho wins face-off versus Steven Stamkos in Calgary Flames zone.
14:02 of 2nd period - Valeri Nichushkin is hit by Matt Duchene and loses puck.
14:31 of 2nd period - Penalty to Travis Konecny is over, Travis Konecny is back on ice.
14:36 of 2nd period - Mikhail Sergachev is hit by Kris Russell and loses puck.
16:32 of 2nd period - Snap shot by Bryan Rust.
16:32 of 2nd period - Stopped by Thatcher Demko without a rebound.
16:33 of 2nd period - Phillip Danault wins face-off versus Nic Dowd in Calgary Flames zone.
16:44 of 2nd period - Backhand shot by Vladimir Tarasenko.
16:44 of 2nd period - Goal by Vladimir Tarasenko - Chicago Black Hawks : 3 - Calgary Flames : 1.
16:45 of 2nd period - Logan Couture wins face-off versus Steven Stamkos in neutral zone.
16:48 of 2nd period - Chris Kreider is hit by Drew Doughty and loses puck.
17:11 of 2nd period - J.T. Miller is hit by Travis Konecny and loses puck.
17:20 of 2nd period - Wrist shot by Bo Horvat.
17:20 of 2nd period - Stopped by Thatcher Demko without a rebound.
17:21 of 2nd period - Bo Horvat wins face-off versus Logan Couture in Calgary Flames zone.
17:53 of 2nd period - Chris Kreider is hit by J.T. Miller and loses puck.
18:16 of 2nd period - Off-side.
18:17 of 2nd period - Joel Eriksson Ek wins face-off versus Bo Horvat in neutral zone.
19:07 of 2nd period - Kevin Fiala is hit by Bo Horvat and loses puck.
19:23 of 2nd period - Icing by Drew Doughty.
19:24 of 2nd period - Joel Eriksson Ek wins face-off versus Steven Stamkos in Calgary Flames zone.
19:51 of 2nd period - Kevin Fiala is hit by Nikolaj Ehlers and loses puck.
19:58 of 2nd period - Slapshot by Lawson Crouse.
19:58 of 2nd period - Goal by Lawson Crouse - Chicago Black Hawks : 4 - Calgary Flames : 1.
19:59 of 2nd period - Logan Couture wins face-off versus Steven Stamkos in neutral zone.
Goals for this period are 4 for Chicago Black Hawks vs 0 for Calgary Flames.
Shots for this period are 16 for Chicago Black Hawks vs 6 for Calgary Flames.
3rd period
0:01 of 3rd period - Steven Stamkos wins face-off versus Logan Couture in neutral zone.
0:04 of 3rd period - Wrist shot by Steven Stamkos.
0:04 of 3rd period - Stopped by Thatcher Demko without a rebound.
0:05 of 3rd period - Steven Stamkos wins face-off versus Logan Couture in Calgary Flames zone.
0:08 of 3rd period - Backhand shot by Matt Duchene.
0:08 of 3rd period - Shot Misses the Net.
0:20 of 3rd period - Snap shot by Valeri Nichushkin.
0:20 of 3rd period - Stopped by Ilya Sorokin without a rebound.
0:21 of 3rd period - Bryan Rust wins face-off versus Sebastian Aho in Chicago Black Hawks zone.
0:21 of 3rd period - Bryan Rust is hit by Drew Doughty.
0:54 of 3rd period - Wrist shot by Steven Stamkos.
0:54 of 3rd period - Shot Misses the Net.
0:56 of 3rd period - Snap shot by Matt Duchene.
0:56 of 3rd period - Stopped by Thatcher Demko with a rebound.
0:58 of 3rd period - Wrist shot by Chris Kreider.
0:58 of 3rd period - Stopped by Thatcher Demko without a rebound.
0:59 of 3rd period - Logan Couture wins face-off versus Bo Horvat in Calgary Flames zone.
1:03 of 3rd period - Off-side.
1:04 of 3rd period - Logan Couture wins face-off versus Bo Horvat in neutral zone.
1:08 of 3rd period - Off-side.
1:09 of 3rd period - Logan Couture wins face-off versus Travis Konecny in neutral zone.
1:23 of 3rd period - Wrist shot by Timo Meier.
1:23 of 3rd period - Stopped by Ilya Sorokin with a rebound.
1:25 of 3rd period - Slapshot by Valeri Nichushkin.
1:25 of 3rd period - Stopped by Ilya Sorokin with a rebound.
1:27 of 3rd period - Wrist shot by Valeri Nichushkin.
1:27 of 3rd period - Shot Misses the Net.
1:29 of 3rd period - Snap shot by Timo Meier.
1:29 of 3rd period - Shot Blocked by Travis Konecny.
1:31 of 3rd period - Slapshot by Jeff Petry.
1:31 of 3rd period - Stopped by Ilya Sorokin without a rebound.
1:32 of 3rd period - Phillip Danault wins face-off versus Sebastian Aho in Chicago Black Hawks zone.
1:48 of 3rd period - Bryan Rust is hit by Zach Hyman and loses puck.
2:00 of 3rd period - Minor Penalty to Devon Toews for Tripping.
2:01 of 3rd period - Steven Stamkos wins face-off versus Logan Couture in Chicago Black Hawks zone.
4:00 of 3rd period - Penalty to Devon Toews is over, Devon Toews is back on ice.
4:04 of 3rd period - Slapshot by Kevin Fiala.
4:04 of 3rd period - Stopped by Ilya Sorokin with a rebound.
4:06 of 3rd period - Wrist shot by Kevin Fiala.
4:06 of 3rd period - Shot Misses the Net.
4:08 of 3rd period - Snap shot by Kevin Fiala.
4:08 of 3rd period - Stopped by Ilya Sorokin without a rebound.
4:09 of 3rd period - Joel Eriksson Ek wins face-off versus Bryan Rust in Chicago Black Hawks zone.
4:23 of 3rd period - Mathieu Joseph is hit by Bryan Rust and loses puck.
4:36 of 3rd period - Pius Suter is hit by Mathieu Joseph and loses puck.
5:39 of 3rd period - Snap shot by Max Pacioretty.
5:39 of 3rd period - Stopped by Ilya Sorokin with a rebound.
5:56 of 3rd period - Drew Doughty is hit by Lawson Crouse and loses puck.
6:08 of 3rd period - Minor Penalty to Drew Doughty for Interference.
6:09 of 3rd period - Steven Stamkos wins face-off versus Sebastian Aho in Calgary Flames zone.
7:09 of 3rd period - Wrist shot by Matt Duchene.
7:09 of 3rd period - Shot Blocked by Sebastian Aho.
7:53 of 3rd period - Wrist shot by Seth Jones.
7:53 of 3rd period - Stopped by Thatcher Demko with a rebound.
8:08 of 3rd period - Penalty to Drew Doughty is over, Drew Doughty is back on ice.
9:16 of 3rd period - Ryan Ellis is hit by Matthew Tkachuk and loses puck.
10:04 of 3rd period - Drew Doughty is hit by Brent Burns and loses puck.
10:51 of 3rd period - Off-side.
10:52 of 3rd period - Bo Horvat wins face-off versus Nic Dowd in neutral zone.
11:01 of 3rd period - Snap shot by Matthew Tkachuk.
11:01 of 3rd period - Shot Misses the Net.
11:42 of 3rd period - Wrist shot by Nikolaj Ehlers.
11:42 of 3rd period - Stopped by Thatcher Demko without a rebound.
11:43 of 3rd period - Steven Stamkos wins face-off versus Logan Couture in Calgary Flames zone.
11:44 of 3rd period - Snap shot by Matt Duchene.
11:44 of 3rd period - Stopped by Thatcher Demko without a rebound.
11:45 of 3rd period - Steven Stamkos wins face-off versus Logan Couture in Calgary Flames zone.
12:22 of 3rd period - Snap shot by J.T. Miller.
12:22 of 3rd period - Shot Misses the Net.
12:38 of 3rd period - Snap shot by Joel Eriksson Ek.
12:38 of 3rd period - Stopped by Ilya Sorokin with a rebound.
13:02 of 3rd period - Chris Kreider is hit by Kevin Fiala and loses puck.
13:15 of 3rd period - Slapshot by Drew Doughty.
13:15 of 3rd period - Deflect By Valeri Nichushkin.
13:15 of 3rd period - Stopped by Ilya Sorokin with a rebound.
13:17 of 3rd period - Wrist shot by Timo Meier.
13:17 of 3rd period - Deflect By Logan Couture.
13:17 of 3rd period - Shot Misses the Net.
13:17 of 3rd period - Puck is out of play.
13:18 of 3rd period - Pius Suter wins face-off versus Logan Couture in Chicago Black Hawks zone.
13:25 of 3rd period - Slapshot by Rasmus Andersson.
13:25 of 3rd period - Shot Blocked by Jeff Petry.
13:49 of 3rd period - Wrist shot by Max Pacioretty.
13:49 of 3rd period - Goal by Max Pacioretty - Chicago Black Hawks : 4 - Calgary Flames : 2.
13:50 of 3rd period - Steven Stamkos wins face-off versus Sebastian Aho in neutral zone.
13:53 of 3rd period - Sebastian Aho is hit by Steven Stamkos and loses puck.
14:03 of 3rd period - Seth Jones is hit by Sebastian Aho and loses puck.
14:20 of 3rd period - Travis Konecny is hit by Drew Doughty.
14:41 of 3rd period - Off-side.
14:42 of 3rd period - Phillip Danault wins face-off versus Joel Eriksson Ek in neutral zone.
14:44 of 3rd period - Off-side.
14:45 of 3rd period - Phillip Danault wins face-off versus Kevin Fiala in neutral zone.
14:49 of 3rd period - Minor Penalty to Mathieu Joseph for Roughing.
14:50 of 3rd period - Bo Horvat wins face-off versus Logan Couture in Calgary Flames zone.
15:05 of 3rd period - Wrist shot by Matthew Tkachuk.
15:05 of 3rd period - Shot Misses the Net.
15:07 of 3rd period - Snap shot by Bo Horvat.
15:07 of 3rd period - Deflect By Matthew Tkachuk.
15:07 of 3rd period - Shot Blocked by Ryan Ellis.
15:07 of 3rd period - Puck is out of play.
15:08 of 3rd period - Sebastian Aho wins face-off versus Steven Stamkos in Calgary Flames zone.
15:45 of 3rd period - Wrist shot by Bo Horvat.
15:45 of 3rd period - Shot Misses the Net.
16:49 of 3rd period - Penalty to Mathieu Joseph is over, Mathieu Joseph is back on ice.
17:01 of 3rd period - Snap shot by Vladimir Tarasenko.
17:01 of 3rd period - Shot Misses the Net.
17:03 of 3rd period - Slapshot by Rasmus Andersson.
17:03 of 3rd period - Shot Misses the Net.
17:05 of 3rd period - Snap shot by Bryan Rust.
17:05 of 3rd period - Stopped by Thatcher Demko with a rebound.
17:07 of 3rd period - Snap shot by Vladimir Tarasenko.
17:07 of 3rd period - Goal by Vladimir Tarasenko - Chicago Black Hawks : 5 - Calgary Flames : 2.
17:08 of 3rd period - Sebastian Aho wins face-off versus Travis Konecny in neutral zone.
17:21 of 3rd period - Wrist shot by Sebastian Aho.
17:21 of 3rd period - Goal by Sebastian Aho - Chicago Black Hawks : 5 - Calgary Flames : 3.
17:22 of 3rd period - Phillip Danault wins face-off versus Joel Eriksson Ek in neutral zone.
17:29 of 3rd period - Snap shot by Vladimir Tarasenko.
17:29 of 3rd period - Shot Misses the Net.
17:49 of 3rd period - Devon Toews is hit by Zach Hyman.
18:42 of 3rd period - Snap shot by Bo Horvat.
18:42 of 3rd period - Stopped by Thatcher Demko with a rebound.
18:59 of 3rd period - Kris Russell is hit by Bryan Rust and loses puck.
19:24 of 3rd period - Wrist shot by Nic Dowd.
19:24 of 3rd period - Shot Misses the Net.
19:52 of 3rd period - Valeri Nichushkin is hit by Nicolas Hague and loses puck.
19:57 of 3rd period - Backhand shot by Vladimir Tarasenko.
19:57 of 3rd period - Stopped by Thatcher Demko with a rebound.
Goals for this period are 1 for Chicago Black Hawks vs 2 for Calgary Flames.
Shots for this period are 10 for Chicago Black Hawks vs 11 for Calgary Flames.
Back to the Top